 BcadrenCrawl: Boulder Brew version 0.03.3.1 (webtiles) character file.

Game seed: 17900202035352314609, levelgen mode: deterministic

616 Chiseanne the Ducker (level 7, -4/49 HPs) Goblin Demonspawn. Began on Mar 13, 2021. Slain by Joseph ... wielding a cursed +2 quarterstaff of caustic ooze {(Curse: Fragile)} (12 damage) ... on level 4 of the Dungeon. The game lasted 00:05:14 (2123 turns).

Chiseanne the Ducker (Goblin Demonspawn)            Turns: 2123, Time: 00:05:15

Health: -4/49      AC:  6    Str: 13      XL:     7 ^: 129
Magic:  8/8        EV: 11    Int:  6      God:
Gold:   158        SH:  0    Dex:  5 (6)  Spells: 7/8 levels left

rFire    . . .     Vision   +   a - +0 rapier (acid)
rCold    . . .     Gourm    .   c - +0 heater shield
rNeg     . . .     Faith    .   k - +0 scale mail
rPois    .         Spirit   .   (no helmet)
rElec    .         Reflect  .   (no cloak)
rCorr    .         Harm     .   (no gloves)
MR       .....                  (no boots)
Stlth    ..........             (no amulet)
HPRegen  0.26/turn              (no ring)
MPRegen  0.18/turn              (no ring)

@: confused, mighty
A: small, stagnant stats, goblin's greed, talons 1, see invisible, low mp 1,
mutation resistance 1, powered by death 2, god's pity 2
a: no special abilities


You were on level 4 of the Dungeon.
You were not hungry.

You visited 1 branch of the dungeon, and saw 4 of its levels.

You collected 132 gold pieces.

Inventory:

Weapons
 a - a +0 rapier of caustic ooze (weapon) Shields
 c - a +0 heater shield (shield)
Armour
 k - a +0 scale mail (worn)
Jewellery
 g - an uncursed ring of ice
 m - a cursed amulet of the acrobat {(Curse: *Corrode)}
 n - an uncursed amulet of guardian spirit
Scrolls
 f - 2 scrolls of summoning
 i - a scroll of teleportation
 o - a scroll of fog
Potions
 b - a potion of lignification
 e - a potion of ambrosia
Miscellaneous
 h - a fan of gales
Comestibles
 d - 5 rations
 j - 5 chunks of flesh


   Skills:
 * Level 4.5 Fighting
 * Level 5.1 Short Blades
 * Level 2.7 Armour
 * Level 6.0 Dodging
 - Level 2.6 Stealth
 * Level 3.9 Shields
 - Level 1.3 Spellcasting
 - Level 2.6 Fire Magic
   Level 4.0 Invocations


You had 7 spell levels left.
You knew the following spells:

 Your Spells              Type           Power        Failure   Level  Hunger
a - Flame Tongue          Fire           3 (30)       83%         1    ##.....

Your spell library contained the following spells:

 Spells                   Type           Power        Failure   Level  Hunger
 Conjure Flame            Fire           3 (100)      99%         3    ####...
 Blink                    Tloc           N/A          100%        2    ###....
 Call Imp                 Summ           0 (100)      100%        2    ###....
 Slow                     Hex            0 (100)      100%        2    ###....
 Mephitic Cloud           Pois/Air       0 (100)      100%        3    ####...


Dungeon Overview and Level Annotations

Branches:
Dungeon (4/8)
 Temple: D:4

Altars:

Annotations:
D:4 Erica, Joseph


Innate Abilities, Weirdness & Mutations

Your stats never grow through leveling.
Your goblin ancestry allows you to find more gold. (+20%)
You are small and have problems with some larger weapons.
You have sharp toenails.
Your magical capacity is low. (-10% MP)
You are somewhat resistant to further mutation.
You regenerate health from kills.
The pity of the gods increases the power of your passive and invoked divine abilities.
You have supernaturally acute eyesight. (+Vis)


Message History

You impale Erica (23)!!
Erica is splashed with acid (2).
Your kick misses Erica. You block the jackal's attack.
Erica points at you and mumbles some strange words.
You are confused.
The quasit closely misses you (0). The quasit barely misses you (0).
The quasit claws you but does no damage.
The jackal bites you but does no damage.
The giant cockroach closely misses you (0).
The jackal barely misses you (0).
You closely miss Erica. The jackal barely misses you (0).
The quasit closely misses you (0). The quasit barely misses you (0).
The quasit closely misses you (0).
The giant cockroach bites you but does no damage.
Erica hits you with a +2 scimitar of molten steel (5).
* * * LOW HITPOINT WARNING * * *
Erica burns you (5).
* * * LOW HITPOINT WARNING * * *
The jackal closely misses you (0).
Joseph hits you with a cursed +2 quarterstaff of caustic ooze {(Curse: Fragile)} (12)!
You die...

#.. #.# # #.# #.
#.# #.#.####.#
........#
###.#..@@#
.......h@#.####
..>#..5shr.$...
.......).#.####.
.##.#...#.... #
#......##.
#.#.#.## #
#.#.#.. #.#.###
#.#..


You could see Joseph, Erica, a porcupine, a quasit, 2 jackals and a giant
cockroach.

Vanquished Creatures
  2 ogres (D:3)
  A crocodile (D:2)
  A bullfrog (D:3)
  A howler monkey (D:3)
  An orc priest (D:3)
  2 hounds (D:3)
  An orc wizard (D:2)
  A worker ant (D:3)
  3 giant cockroaches
  A bullfrog skeleton (D:3)
  4 adders
  A cinder newt (D:2)
  A dart slug (D:3)
  A leopard gecko (D:1)
  4 orcs
  A goblin (D:1)
  A hobgoblin (D:1)
  3 jackals (D:3)
  8 kobolds (D:1)
  2 quokkas (D:3)
  6 bats
  A leopard gecko skeleton (D:3)
  9 rats (D:1)
  2 withered plants (D:2)
58 creatures vanquished.

Vanquished Creatures (others)
  A slimehead (D:2)
  41 withered plants (D:2)
42 creatures vanquished.

Grand Total: 100 creatures vanquished

Notes
Turn   | Place    | Note
-------+----------+-------------------------------------------
     0 | D:1      | Chiseanne the Goblin Demonspawn began the quest for the
                  | Orb.
     0 | D:1      | Reached XP level 1. HP: 13/13 MP: 2/2
    99 | D:1      | Gained mutation: You have sharp toenails. [demonic
                  | ancestry]
    99 | D:1      | Reached XP level 2. HP: 19/19 MP: 3/3
   509 | D:1      | Gained mutation: You have supernaturally acute eyesight.
                  | (+Vis) [potion of mutation]
   649 | D:1      | Gained mutation: You regenerate a little health from kills.
                  | [demonic ancestry]
   649 | D:1      | Reached XP level 3. HP: 24/24 MP: 4/4
  1065 | D:1      | Reached skill level 1 in Shields
  1070 | D:1      | Reached XP level 4. HP: 22/30 MP: 5/5
  1162 | D:2      | Noticed a crocodile
  1177 | D:2      | Killed a crocodile
  1177 | D:2      | Reached skill level 5 in Dodging
  1177 | D:2      | Reached XP level 5. HP: 17/36 MP: 6/6
  1444 | D:2      | Reached XP level 6. HP: 37/42 MP: 7/7
  1480 | D:3      | Reached skill level 1 in Armour
  1640 | D:3      | Gained mutation: You regenerate health from kills. [demonic
                  | ancestry]
  1640 | D:3      | Reached XP level 7. HP: 47/48 MP: 8/8
  1711 | D:3      | Reached skill level 5 in Short Blades
  2041 | D:4      | Noticed Erica
  2050 | D:3      | Reached skill level 6 in Dodging
  2116 | D:4      | Noticed Joseph
  2123 | D:4      | Slain by Joseph

Levels and vault maps discovered:
D:1:      dpeg_arrival_rooms_c, layout_basic, minmay_goblin_kobold_house,
          gup_sewer_entry_glass
D:2:      layout_sewer, first_ration
D:3:      layout_loops_ring
D:4:      layout_basic, minmay_temple_entry_junction, serial_shops, shop,
          uniq_maurice, uniq_erica, uniq_joseph

Skill      XL: |  1  2  3  4  5  6  7 |
---------------+----------------------+-----
Short Blades   | 3 4 5 |  5.1
Fighting       | 2 3 4 |  4.5
Shields        | 1 2 3 |  3.9
Dodging        | 5 6 |  6.0
Armour         | 1 2 |  2.7
Stealth        | |  2.6
Spellcasting   | |  1.3
Fire Magic     | |  2.6
Invocations    | |  4.0

Action                   |  1- 3 |  4- 6 |  7- 9 || total
-------------------------+-------+-------+-------++-------
Melee: Rapier            |    72 |   102 |    39 ||   213
       Unarmed           |     4 |       |       ||     4
       Kick              |     1 |     3 |     2 ||     6
Evoke: Fan of gales      |       |     1 |       ||     1
  Use: Potion            |     1 |     1 |     1 ||     3
       Scroll            |     1 |       |       ||     1
 Stab: Sleeping          |     3 |       |       ||     3
  Eat: Chunk             |       |     3 |     1 ||     4
Armor: Leather armour    |    15 |    11 |       ||    26
       Skin              |       |     7 |       ||     7
       Scale mail        |       |     8 |    19 ||    27
Dodge: Dodged            |    80 |    52 |    39 ||   171
Block: Heater shield     |    18 |    28 |    20 ||    66
